 Dungeon Crawl Stone Soup version 0.26-a0-591-g04f19ec95a (webtiles) character file.

Game seed: 15377956532035467003

823 Gargoyl the Skirmisher (level 7, -1/60 HPs)
             Began as a Gnoll Abyssal Knight on Aug 24, 2020.
             Was a Believer of Lugonu.
             Succumbed to a scorpion's poison
             ... on level 4 of the Dungeon.
             The game lasted 00:03:59 (3780 turns).

Gargoyl the Skirmisher (Gnoll Abyssal Knight)       Turns: 3780, Time: 00:04:00

Health: -1/60      AC:  6    Str: 16    XL:     7   Next: 96%
Magic:  11/11      EV: 13    Int: 14    God:    Lugonu [**....]
Gold:   142        SH:  0    Dex: 15    Spells: 11/11 levels left

rFire    . . .     SeeInvis .   a - +1 hand axe
rCold    . . .     Faith    .   (no shield)
rNeg     . . .     Spirit   .   m - +0 ring mail
rPois    .         Reflect  .   (no helmet)
rElec    .         Harm     .   (no cloak)
rCorr    .         Rnd*Tele +   (no gloves)
MR       .....                  (no boots)
Stlth    ++........             (no amulet)
HPRegen  0.20/turn              b - ring of teleportation (curse)
MPRegen  0.12/turn              (no ring)

@: lethally poisoned (-1 -> -20)
A: distributed training, fangs 1, strong nose
a: Depart the Abyss, Bend Space, Renounce Religion


You were on level 4 of the Dungeon.
You worshipped Lugonu.
Lugonu was pleased with you.
You visited 1 branch of the dungeon, and saw 4 of its levels.
You visited the Abyss 1 time.

You collected 142 gold pieces.

Inventory:

Hand Weapons
 a - a +1 hand axe (weapon)
Armour
 m - a +0 ring mail (worn)
Jewellery
 b - a cursed ring of teleportation (left hand)
Wands
 k - a wand of flame (13)
Scrolls
 c - 5 scrolls of teleportation
 d - 3 scrolls of identify
Potions
 e - a potion of magic
 f - 2 potions of ambrosia {unknown}
 g - a potion of degeneration {unknown}
 h - a potion of mutation {unknown}
 i - 3 potions of might
 j - a potion of curing {unknown}
 l - a potion of brilliance {unknown}
 n - 2 potions of flight {unknown}
 o - 2 potions of invisibility {unknown}


   Skills:
 + Level 7.2 Fighting
 + Level 2.8 Short Blades
 + Level 2.8 Long Blades
 + Level 5.4 Axes
 + Level 2.8 Maces & Flails
 + Level 2.8 Polearms
 + Level 2.8 Staves
 + Level 2.8 Slings
 + Level 2.8 Bows
 + Level 2.8 Crossbows
 + Level 2.8 Throwing
 + Level 5.4 Armour
 + Level 3.9 Dodging
 + Level 2.8 Stealth
 + Level 2.8 Shields
 + Level 2.8 Unarmed Combat
 + Level 2.8 Spellcasting
 + Level 2.3 Conjurations
 + Level 2.3 Hexes
 + Level 2.3 Summonings
 + Level 2.3 Necromancy
 + Level 2.3 Translocations
 + Level 2.3 Transmutations
 + Level 2.3 Fire Magic
 + Level 2.3 Ice Magic
 + Level 2.3 Air Magic
 + Level 2.3 Earth Magic
 + Level 2.3 Poison Magic
 + Level 5.6 Invocations
 + Level 2.8 Evocations


You had 11 spell levels left.
You didn't know any spells.
Your spell library was empty.

Dungeon Overview and Level Annotations

Branches:
Dungeon (4/15)
 Temple: D:4-7

Altars:
Ashenzari
Ru
Sif Muna
Wu Jian


Innate Abilities, Weirdness & Mutations

Your experience applies equally to all skills.
You have very sharp teeth.
Your uncanny sense of smell can sniff out nearby items.


Message History

The scorpion is severely wounded.
You feel sick. The scorpion stings you.
You closely miss the scorpion.
The scorpion is severely wounded.
You feel sick. The scorpion stings you!
* * * LOW HITPOINT WARNING * * *
You barely miss the scorpion.
The scorpion is severely wounded.
You feel sick. The scorpion stings you!
* * * LOW HITPOINT WARNING * * *
You are more poisoned.
The scorpion poisons you!
You hit the scorpion but do no damage.
The scorpion is severely wounded.
* * * LOW HITPOINT WARNING * * *
You feel sick. The scorpion stings you.
* * * LOW HITPOINT WARNING * * *
You hit the scorpion but do no damage.
The scorpion is severely wounded.
You die...

......[..).#..##.#
#.##
.........###..##.#
#.# .........#
#.....# #.#
.........# #.#####
#g. ########## #.#
..# ###.#
#########...#
#......s#.###
#.####@##.#
#......##.#
#####.....#
#.##### #. ##


You could see a scorpion.

Vanquished Creatures
  Pikel (D:4)
  A lemure (D:4)
  A small abomination (Abyss:2)
  Natasha (thrice) (D:3)
  2 worker ants (D:4)
  4 gnolls (D:4)
  9 adders
  A white imp (Abyss:2)
  An ooze (D:2)
  A worm (D:2)
  A dart slug (D:3)
  An orc (D:3)
  A ball python (D:2)
  6 bats
  3 giant cockroaches
  8 goblins
  4 hobgoblins
  8 jackals
  5 kobolds
  A quokka (D:3)
  A frilled lizard (D:1)
  3 rats
66 creatures vanquished.

Notes
Turn   | Place    | Note
-------+----------+-------------------------------------------
     0 | Abyss:1  | Gargoyl the Gnoll Abyssal Knight began the quest for the
                  | Orb.
     0 | Abyss:1  | Reached XP level 1. HP: 23/23 MP: 3/3
    36 | Abyss:1  | Found a corrupted altar of Lugonu.
    46 | Abyss:1  | Noticed a wraith
    53 | Abyss:1  | Found a corrupted altar of Lugonu.
   125 | Abyss:1  | Noticed an ancient zyme
   131 | Abyss:2  | Found a corrupted altar of Lugonu.
   186 | Abyss:2  | Reached XP level 2. HP: 12/29 MP: 5/5
   268 | Abyss:2  | Noticed a small abomination
   288 | Abyss:2  | Killed a small abomination
   288 | Abyss:2  | Reached skill level 1 in Short Blades
   288 | Abyss:2  | Reached skill level 1 in Long Blades
   288 | Abyss:2  | Reached skill level 1 in Maces & Flails
   288 | Abyss:2  | Reached skill level 1 in Polearms
   288 | Abyss:2  | Reached skill level 1 in Staves
   288 | Abyss:2  | Reached skill level 1 in Slings
   288 | Abyss:2  | Reached skill level 1 in Bows
   288 | Abyss:2  | Reached skill level 1 in Crossbows
   288 | Abyss:2  | Reached skill level 1 in Throwing
   288 | Abyss:2  | Reached skill level 1 in Stealth
   288 | Abyss:2  | Reached skill level 1 in Shields
   288 | Abyss:2  | Reached skill level 1 in Unarmed Combat
   288 | Abyss:2  | Reached skill level 1 in Spellcasting
   288 | Abyss:2  | Reached skill level 1 in Evocations
   288 | Abyss:2  | Reached XP level 3. HP: 20/35 MP: 6/6
   288 | Abyss:2  | Reached XP level 4. HP: 23/41 MP: 7/7
   314 | Abyss:2  | Noticed a hellion
   315 | D:1      | Escaped the Abyss
   571 | D:1      | Reached * piety under Lugonu
   838 | D:1      | Reached skill level 1 in Conjurations
   838 | D:1      | Reached skill level 1 in Hexes
   838 | D:1      | Reached skill level 1 in Summonings
   838 | D:1      | Reached skill level 1 in Necromancy
   838 | D:1      | Reached skill level 1 in Translocations
   838 | D:1      | Reached skill level 1 in Transmutations
   838 | D:1      | Reached skill level 1 in Fire Magic
   838 | D:1      | Reached skill level 1 in Ice Magic
   838 | D:1      | Reached skill level 1 in Air Magic
   838 | D:1      | Reached skill level 1 in Earth Magic
   838 | D:1      | Reached skill level 1 in Poison Magic
  1331 | D:2      | Reached XP level 5. HP: 39/47 MP: 8/8
  1425 | D:2      | Found a faded altar of an unknown god.
  1546 | D:2      | You fall into a shaft and drop 1 floor!
  1546 | D:3      | Found a shattered altar of Ashenzari.
  1929 | D:2      | Found a shimmering blue altar of Sif Muna.
  2054 | D:2      | Found a sacrificial altar of Ru.
  2308 | D:3      | Noticed Natasha
  2327 | D:3      | Killed Natasha
  2329 | D:3      | Reached skill level 5 in Invocations
  2378 | D:3      | Noticed Natasha
  2636 | D:3      | Killed Natasha
  2636 | D:3      | Reached ** piety under Lugonu
  2636 | D:3      | Reached XP level 6. HP: 45/53 MP: 9/9
  2716 | D:3      | Noticed Natasha
  2728 | D:3      | Killed Natasha
  2918 | D:3      | Found an ornate altar of the Wu Jian Council.
  3137 | D:4      | Reached skill level 5 in Axes
  3137 | D:4      | Reached skill level 5 in Armour
  3362 | D:4      | Noticed Pikel
  3378 | D:4      | Killed Pikel
  3378 | D:4      | Reached skill level 7 in Fighting
  3378 | D:4      | Reached XP level 7. HP: 39/60 MP: 9/11
  3779 | D:4      | HP: 2/60 [poisoned by a scorpion]
  3780 | D:4      | Succumbed to a scorpion's poison

Illustrated notes

Levels and vault maps discovered:
D:1:      scummos_arrival_star, layout_basic
D:2:      layout_basic, lemuel_blue_sif_altar,
          chequers_ecumenical_altar_simple_redux, nicolae_ru_path_of_blood
D:3:      layout_rooms, cheibrodos_ashenzari_chains,
          nicolae_overflow_hidden_temple, uniq_natasha
D:4:      layout_basic, uniq_pikel

Skill      XL: |  1  2  3  4  5  6 |
---------------+-------------------+-----
Short Blades   | 1 2 |  2.8
Long Blades    | 1 2 |  2.8
Maces & Flails | 1 2 |  2.8
Polearms       | 1 2 |  2.8
Staves         | 1 2 |  2.8
Slings         | 1 2 |  2.8
Bows           | 1 2 |  2.8
Crossbows      | 1 2 |  2.8
Throwing       | 1 2 |  2.8
Stealth        | 1 2 |  2.8
Shields        | 1 2 |  2.8
Unarmed Combat | 1 2 |  2.8
Spellcasting   | 1 2 |  2.8
Evocations     | 1 2 |  2.8
Conjurations   | 1 2 |  2.3
Hexes          | 1 2 |  2.3
Summonings     | 1 2 |  2.3
Necromancy     | 1 2 |  2.3
Translocations | 1 2 |  2.3
Transmutations | 1 2 |  2.3
Fire Magic     | 1 2 |  2.3
Ice Magic      | 1 2 |  2.3
Air Magic      | 1 2 |  2.3
Earth Magic    | 1 2 |  2.3
Poison Magic   | 1 2 |  2.3
Dodging        | 3 |  3.9
Invocations    | 5 |  5.6
Axes           | 5 |  5.4
Armour         | 5 |  5.4
Fighting       | 7 |  7.2

Action                   |  1- 3 |  4- 6 |  7- 9 || total
-------------------------+-------+-------+-------++-------
Melee: Hand axe          |    23 |   210 |    35 ||   268
       Bite              |     1 |    24 |     5 ||    30
       Punch             |       |     1 |       ||     1
Invok: Depart the Abyss  |       |     1 |       ||     1
  Use: Scroll            |     1 |     7 |       ||     8
       Potion            |     1 |     2 |       ||     3
 Stab: Sleeping          |       |     4 |     2 ||     6
Armor: Leather armour    |     1 |    42 |       ||    43
       Skin              |    11 |       |       ||    11
       Ring mail         |       |    21 |     8 ||    29
Dodge: Dodged            |     4 |   161 |    15 ||   180

Table legend: (Time is in decaauts)
 A = Elapsed time spent in this place.
 B = Non-inter-level travel time spent in this place.
 C = Inter-level travel time spent in this place.
 D = Time resting spent in this place.
 E = Time spent auto-exploring this place.
 F = Levels seen in this place.
 G = Mean time per level.
                   A        B        C        D        E       F      G
               +--------+--------+--------+--------+--------+-----+--------+
         Total |   3797 |   3744 |     53 |   1126 |   1929 |   6 |  632.8 |
       Dungeon |   3480 |   3427 |     53 |   1126 |   1676 |   4 |  870.0 |
         Abyss |    317 |    317 |      0 |      0 |    253 |   2 |  158.5 |
               +--------+--------+--------+--------+--------+-----+--------+

Top non-repeatable levels by time:
     D:2: 1329 daAuts
     D:1: 850 daAuts
     D:3: 746 daAuts
     D:4: 553 daAuts
 Abyss:2: 185 daAuts
 Abyss:1: 131 daAuts
